 Dungeon Crawl Stone Soup version 0.24.0-41-g2ae2f7f1be (webtiles) character file.

Game seed: 10406883420967917095, levelgen mode: deterministic

21196 Delamore the Severer (level 12, -18/113 HPs)
             Began as a Hill Orc Fighter on Dec 12, 2019.
             Was the Champion of Okawaru.
             Demolished by a stone giant (31 damage)
             ... on level 2 of the Orcish Mines.
             The game lasted 00:18:13 (15480 turns).

Delamore the Severer (Hill Orc Fighter)            Turns: 15480, Time: 00:18:14

Health: -18/113    AC: 18    Str: 28    XL:     12   Next: 87%
Magic:  12/12      EV:  7    Int: 10    God:    Okawaru [******]
Gold:   1056       SH:  7    Dex: 13    Spells: 11/11 levels left

rFire    . . .     SeeInvis +   q - +0 hand axe (flame)
rCold    . . .     Gourm    .   y - +3 warlock's mirror {reflect}
rNeg     . . .     Faith    .   B - +2 plate armour {MR+}
rPois    +         Spirit   .   H - +1 hat {SInv}
rElec    .         Reflect  +   (no cloak)
rCorr    .         Harm     .   n - +0 pair of gloves
MR       +....                  (no boots)
Stlth    ..........             (no amulet)
HPRegen  0.28/turn              v - ring of poison resistance
MPRegen  0.13/turn              (no ring)

@: mighty, lightly drained
A: agile 1, clever 1
a: Heroism, Finesse, Renounce Religion


You were on level 2 of the Orcish Mines.
You worshipped Okawaru.
Okawaru was exalted by your worship.
You were very hungry.

You visited 3 branches of the dungeon, and saw 14 of its levels.

You collected 1056 gold pieces.

Inventory:

Hand Weapons
 a - a +0 war axe
 q - a +0 hand axe of flaming (weapon)
 D - a +1 battleaxe of venom
Missiles
 e - 31 poisoned darts (quivered)
 s - 5 throwing nets
Armour
 c - a +0 shield
 n - a +0 pair of gloves (worn)
 y - the +3 warlock's mirror (worn) {reflect}
   (You found it on level 11 of the Dungeon)
 B - a +2 plate armour of magic resistance (worn)
 H - a +1 hat of see invisible (worn)
Jewellery
 v - a ring of poison resistance (left hand)
Wands
 z - a wand of paralysis (15)
 F - a wand of acid (8)
 G - a wand of random effects (17)
Scrolls
 h - 8 scrolls of blinking
 j - 4 scrolls of remove curse
 k - 4 scrolls of teleportation
 l - 2 scrolls of immolation
 m - 3 scrolls of magic mapping
 o - 3 scrolls of amnesia
 p - a scroll of noise {unknown}
 r - a scroll of acquirement
 w - a scroll of identify
 A - a scroll of enchant armour {unknown}
 E - a scroll of fog {unknown}
Potions
 b - a potion of agility
 d - 5 potions of might
 g - a potion of invisibility
 i - a potion of magic
 u - a potion of cancellation
 x - a potion of mutation
 C - a potion of brilliance {unknown}
Comestibles
 f - 27 rations
 t - 7 chunks of flesh


   Skills:
 - Level 12.7(12.3) Fighting
 + Level 19.9(19.5) Axes
 + Level 8.7(8.4) Armour
 - Level 3.2(3.0) Shields


You had 11 spell levels left.
You didn't know any spells.
Your spell library contained the following spells:

 Spells                   Type           Power        Failure   Level  Hunger
 Sandblast                Erth           #.....       98%         1    ##.....
 Passwall                 Tmut/Erth      #.......     99%         2    ###....
 Stone Arrow              Conj/Erth      #.....       100%        3    ####...
 Petrify                  Tmut/Erth      #.......     100%        4    #####..
 Lee's Rapid Deconstruct  Erth           #.........   100%        5    ######.


Dungeon Overview and Level Annotations

Branches:
Dungeon (11/15)            Temple (1/1) D:7            Lair (0/6) D:11
    Orc (2/2) D:11
    Elf: Orc:2

Altars:
Ashenzari
Cheibriados
Dithmenos
Elyvilon
Fedhas
Gozag
Hepliaklqana
Kikubaaqudgha
Makhleb
Nemelex Xobeh
Okawaru
Qazlal
Ru
Sif Muna
Trog
Uskayaw
Vehumet
Wu Jian
Xom
Yredelemnul
Zin
The Shining One

Shops:
D:6 [   D:9 =   Orc:2 *

Annotations:
D:3 1 runed translucent door, Crazy Yiuf
Orc:2 Saint Roka


Innate Abilities, Weirdness & Mutations

You are agile. (Dex +2)
Your mind is acute. (Int +2)


Message History

The orc sorcerer is heavily wounded.
You slash the stone giant! You burn the stone giant.
You closely miss the orc warrior. You block the orc warrior's attack.
The orc sorcerer hits you but does no damage.
The stone giant hits you!!
* * * LOW HITPOINT WARNING * * *
You hit the stone giant. You burn the stone giant.
The stone giant is moderately wounded.
You hit the orc sorcerer. You burn the orc sorcerer. You hit the orc warrior.
You burn the orc warrior.
You are feeling very hungry.
You hit the stone giant but do no damage.
The stone giant is moderately wounded.
You hit the orc warrior. You burn the orc warrior. You slash the orc sorcerer!
You burn the orc sorcerer.
You kill the orc sorcerer!
Okawaru accepts your kill.
The orc warrior hits you but does no damage.
The stone giant hits you!!
You die...

#.. ## ##. ##. #. ####.### ###.
#....#.## ##... .....
#.......#### #.##. ......
######........#.#####....
.......##.#..#..)C.......##......
.......#....[...@o........#......
......###.##[<...#.......##......
#.......##[.[.)..#......#.#......
#.........[.....###.......#).....
#.......).......##.....))))....#
####.........########...)).∩.###
###..........##.##.....[)..#.#
###..........................####
.##......[......................#


You could see a stone giant and an orc warrior.

Vanquished Creatures
  Harold (D:10)
  A hydra (D:8)
  A two-headed ogre (D:11)
  2 unseen horrors
  9 wizards (D:11)
  2 ugly things (D:11)
  An orc sorcerer (Orc:2)
  An elephant (D:11)
  A gargoyle (D:11)
  A komodo dragon (D:9)
  2 trolls
  2 dream sheep (D:8)
  2 hippogriffs
  6 yaks
  2 chaos spawn (D:11)
  A hungry ghost (D:11)
  A basilisk (D:11)
  The ghost of diiiiiane the Sneak, an amateur OpAs (D:4)
  A warg (Orc:2)
  An acid dragon (D:11)
  17 orc warriors
  3 sky beasts
  4 black bears
  5 ice beasts
  2 necrophages
  15 ogres
  2 phantoms
  10 centaurs
  A crocodile (D:11)
  3 big kobolds (D:8)
  7 bullfrogs
  2 scorpions (D:11)
  5 wights (D:9)
  3 howler monkeys
  4 crimson imps
  8 hounds
  2 quasits
  10 orc priests
  A jelly (D:7)
  A bullfrog skeleton (D:6)
  2 centaur skeletons
  A gnoll shaman (D:10)
  3 iguanas
  25 orc wizards
  10 worker ants
  2 hound skeletons
  12 gnolls
  A howler monkey skeleton (D:8)
  9 adders
  2 shadow imps
  2 oozes
  An adder zombie (D:3)
  3 adder skeletons
  A worm (D:4)
  4 leopard geckos
  68 orcs
  A ball python (D:5)
  7 bats
  5 giant cockroaches
  8 goblins
  8 hobgoblins
  8 jackals
  7 quokkas
  8 frilled lizards
  9 kobolds
  2 leopard gecko zombies (D:6)
  7 rats
  A spectral orc (D:8)
  A fungus (D:11)
362 creatures vanquished.

Vanquished Creatures (others)
  A sky beast (D:11)
  A fungus (D:11)
2 creatures vanquished.

Grand Total: 364 creatures vanquished

Notes
Turn   | Place    | Note
-------+----------+-------------------------------------------
     0 | D:1      | Delamore the Hill Orc Fighter began the quest for the Orb.
     0 | D:1      | Reached XP level 1. HP: 19/19 MP: 1/1
    76 | D:1      | Reached skill level 3 in Axes
   216 | D:1      | Reached XP level 2. HP: 20/26 MP: 2/2
   696 | D:1      | Reached skill level 4 in Axes
  1191 | D:2      | Reached XP level 3. HP: 30/31 MP: 3/3
  1225 | D:2      | Found an ornate altar of the Wu Jian Council.
  1225 | D:2      | Found a burning altar of Makhleb.
  1239 | D:2      | Found a hide-covered altar of Uskayaw.
  1361 | D:2      | Reached skill level 5 in Axes
  1421 | D:2      | Reached XP level 4. HP: 33/39 MP: 4/4
  1933 | D:3      | Found an iron altar of Okawaru.
  1949 | D:3      | Became a worshipper of Warmaster Okawaru
  1980 | D:3      | Reached skill level 6 in Axes
  2073 | D:3      | Reached XP level 5. HP: 21/45 MP: 5/5
  2285 | D:3      | Found a runed translucent door.
  2286 | D:3      | Noticed Crazy Yiuf
  2491 | D:3      | Reached skill level 7 in Axes
  2927 | D:4      | Reached skill level 8 in Axes
  2927 | D:4      | Reached XP level 6. HP: 27/51 MP: 6/6
  3385 | D:4      | Reached * piety under Okawaru
  3385 | D:4      | Reached skill level 9 in Axes
  3579 | D:4      | Reached XP level 7. HP: 50/57 MP: 7/7
  3661 | D:4      | Found a runed translucent door.
  3664 | D:4      | Noticed diiiiiane's ghost (amateur OpAs)
  4009 | D:4      | Killed diiiiiane's ghost
  4009 | D:4      | Reached skill level 10 in Axes
  4022 | D:4      | Identified a scroll of acquirement
  4070 | D:5      | Entered Level 5 of the Dungeon
  4094 | D:5      | Reached ** piety under Okawaru
  4359 | D:5      | Reached skill level 11 in Axes
  4729 | D:5      | Reached XP level 8. HP: 59/64 MP: 8/8
  4942 | D:5      | Reached skill level 12 in Axes
  5137 | D:5      | You fall into a shaft and drop 1 floor!
  5236 | D:5      | Found a sacrificial altar of Ru.
  5457 | D:6      | Reached skill level 13 in Axes
  5736 | D:6      | Reached *** piety under Okawaru
  5832 | D:6      | Reached skill level 14 in Axes
  5832 | D:6      | Reached XP level 9. HP: 63/70 MP: 9/9
  5842 | D:6      | Found Goxofe's Antique Armour Boutique.
  6127 | D:6      | Reached skill level 5 in Fighting
  6421 | D:7      | Reached **** piety under Okawaru
  6546 | D:7      | Reached skill level 15 in Axes
  6682 | D:7      | Found an opulent altar of Gozag.
  6714 | D:7      | Found a bloodstained altar of Trog.
  6753 | D:7      | Found a staircase to the Ecumenical Temple.
  6799 | Temple   | Entered the Ecumenical Temple
  7263 | D:8      | Reached XP level 10. HP: 74/86 MP: 10/10
  7439 | D:8      | Reached ***** piety under Okawaru
  7439 | D:8      | Reached skill level 16 in Axes
  7660 | D:8      | Found a hazy altar of Hepliaklqana.
  8014 | D:8      | Noticed a three-headed hydra
  8018 | D:8      | Killed a one-headed hydra
  8134 | D:8      | Found a basalt altar of Yredelemnul.
  8329 | D:9      | Received a gift from Okawaru
  8633 | D:9      | Reached skill level 10 in Fighting
  9204 | D:9      | Found Heleuz's Jewellery Emporium.
  9224 | D:9      | Reached skill level 17 in Axes
  9224 | D:9      | Reached XP level 11. HP: 23/101 MP: 11/11
  9811 | D:10     | Entered Level 10 of the Dungeon
 10025 | D:10     | Noticed an unseen horror
 10032 | D:10     | Noticed Harold
 10039 | D:10     | Killed an unseen horror
 10051 | D:10     | HP: 6/153 [yak (8)]
 10058 | D:10     | Killed Harold
 11441 | D:11     | Reached skill level 18 in Axes
 11472 | D:11     | Found a staircase to the Lair.
 12240 | D:11     | Noticed a red ugly thing
 12274 | D:11     | HP: 5/157 [red ugly thing (10)]
 12277 | D:11     | Killed a red ugly thing
 12670 | D:11     | Noticed an unseen horror
 12713 | D:11     | Killed an unseen horror
 12851 | D:11     | Noticed a two-headed ogre
 12862 | D:11     | Reached XP level 12. HP: 99/113 MP: 12/12
 12864 | D:11     | Killed a two-headed ogre
 12864 | D:11     | Reached skill level 5 in Armour
 12969 | D:11     | Reached ****** piety under Okawaru
 12969 | D:11     | Reached skill level 19 in Axes
 12984 | D:11     | Received a gift from Okawaru
 13358 | D:11     | Found the +3 warlock's mirror {reflect}
 13962 | D:11     | Found the +7 mace of Variability {chain chaos}
 13962 | D:11     | Found a shimmering altar of Xom.
 13971 | D:11     | Received a gift from Okawaru
 14159 | D:11     | Found a staircase to the Orcish Mines.
 14388 | Orc:1    | Entered Level 1 of the Orcish Mines
 14534 | Orc:2    | Entered Level 2 of the Orcish Mines
 15001 | Orc:2    | Gained mutation: Your mind is acute. (Int +2) [potion of
                  | mutation]
 15001 | Orc:2    | Gained mutation: You are agile. (Dex +2) [potion of
                  | mutation]
 15040 | Orc:2    | Found Gihefamno's General Store.
 15401 | Orc:2    | Noticed Saint Roka
 15467 | Orc:1    | Noticed a stone giant
 15480 | Orc:2    | Demolished by a stone giant

Levels and vault maps discovered:
D:1:      dpeg_arrival_three_same_balls, layout_basic, serial_rivers,
          chequers_serial_rivers_large_b, chequers_serial_rivers_large_a,
          chequers_serial_rivers_micro_c, chequers_serial_rivers_small_b,
          chequers_big_river, nrook_loot_triangle
D:2:      layout_loops_ring, gammafunk_temple_overflow_claw
D:3:      minmay_diamond_boxcup, layout_loops_ring, lemuel_crystal_altar,
          uniq_crazy_yiuf_cottage
D:4:      layout_gridville, ebering_ghost_reflecting_pool
D:5:      layout_basic, nicolae_ru_great_annihilating_truth, first_ration,
          kennysheep_generic_room_13
D:6:      layout_basic, serial_shops, shop
D:7:      layout_gridville, nicolae_gozag_cash_rules_everything_around_me,
          temple_fountains, trog_book
D:8:      layout_loops_ring, yredelemnul_forgotten_temple_becter,
          lemuel_doored_altar, hangedman_ranch [blue_anna_fruit_fields],
          chequers_serial_rivers_small_b
D:9:      layout_loops_corners, serial_shops, nicolae_shop_behind_doors
D:10:     layout_roguey, minmay_misc_feat_encased, uniq_harold
D:11:     minmay_smoke_and_mirrors, layout_basic, david_lair_generic,
          david_orc_4, minmay_guarded_unrand_variability
Temple:   zaba_magenta_temple
Orc:1:    nicolae_orc_accident_3, layout_caves, basic_altar,
          nicolae_orc_lava_room
Orc:2:    st_orc_town, layout_diamond_mine, serial_shops, shop,
          ebering_ghost_xom, uniq_saint_roka

Skill      XL: |  1  2  3  4  5  6  7  8  9 10 11 12 |
---------------+-------------------------------------+-----
Axes           | 3 4 5 6 8 9 11 14 15 17 18 19 | 19.9
Fighting       | 7 10 12 | 12.7
Armour         | 4 8 |  8.7
Shields        | |  3.2

Action                   |  1- 3 |  4- 6 |  7- 9 | 10-12 || total
-------------------------+-------+-------+-------+-------++-------
Melee: War axe           |   120 |   213 |   339 |    32 ||   704
       Hand axe          |       |       |       |   880 ||   880
  Use: Scroll            |       |       |    13 |     4 ||    17
       Potion            |       |       |       |     7 ||     7
 Stab: Paralysed         |       |       |     2 |       ||     2
       Confused          |       |       |       |     2 ||     2
  Eat: Chunk             |     2 |     7 |    12 |    25 ||    46
       Ration            |       |       |       |     1 ||     1
Armor: Scale mail        |    43 |   102 |    57 |       ||   202
       Plate armour      |       |       |    92 |   400 ||   492
       Skin              |       |       |       |     7 ||     7
Dodge: Dodged            |    33 |    61 |    44 |   113 ||   251
Block: Shield            |    56 |   101 |   122 |   269 ||   548
       Buckler           |       |       |       |    60 ||    60
       Reflection        |       |       |       |     6 ||     6
